 Dungeon Crawl Stone Soup version 0.30-a0-283-gf371ce1921 (webtiles) character file.

Game seed: 16587753562221555011

61790 BlueGoblin the Eclecticist (level 14, -2/101 HPs)
             Began as a Mummy Necromancer on Oct 17, 2022.
             Was the Champion of Kikubaaqudgha.
             Slain by a skeletal warrior
             ... wielding a +0 hand axe
              (15 damage)
             ... on level 14 of the Dungeon.
             The game lasted 01:08:51 (29667 turns).

BlueGoblin the Eclecticist (Mummy Necromancer)     Turns: 29667, Time: 01:08:52

Health: -2/101     AC: 10    Str: 12    XL:     14   Next: 61%
Magic:  10/38      EV: 14    Int: 36    God:    Kikubaaqudgha [******]
Gold:   1370       SH:  5    Dex: 16    Spells: 12/53 levels left

rFire   + . .      SeeInvis +    P - +8 short sword "Biobli" {venom, rF+ Int+4 Dex-2 SInv}
rCold   + . .      Faith    +    (no shield)
rNeg    + + +      Spirit   .    L - +3 leather armour "Ziegurat" {Int+2 Dex+5}
rPois   ∞          Reflect  +    G - +0 helmet
rElec   .          Harm     .    m - +0 cloak
rCorr   +          Rampage  .    J - +0 pair of gloves
Will    +....                    e - +0 pair of boots
Stlth   ++........               D - amulet of reflection
HPRegen 0.36/turn                n - +6 ring of intelligence
MPRegen 0.26/turn                B - ring of Lust {+Blink rF+ rN+ rCorr Int+6}

@: about to teleport, animating dead
A: cold resistance 1, negative energy resistance 3, torment resistance 2, heat
vulnerability 1, in touch with death 2, no potions, faith
a: Renounce Religion, Evoke Blink, Unearth Wretches, Torment


You were on level 14 of the Dungeon.
You worshipped Kikubaaqudgha.
Kikubaaqudgha was exalted by your worship.
You visited 3 branches of the dungeon, and saw 20 of its levels.
You also visited: Ossuary.

You collected 1370 gold pieces.

Inventory:

Hand Weapons
 a - a +6 rapier of draining
 b - a +4 quarterstaff of pain
 q - a +5 scimitar of freezing
 I - a +3 double sword
 P - the +8 short sword "Biobli" (weapon) {venom, rF+ Int+4 Dex-2 SInv}
   (You found it on level 3 of the Lair of Beasts)

   It poisons the flesh of those it strikes.
   Int:       It affects your intelligence (+4).
   Dex:       It affects your dexterity (-2).
   rF:        It protects you from fire.
   SInv:      It lets you see invisible.
Armour
 e - a +0 pair of boots (worn)
 m - a +0 cloak (worn)
 G - a +0 helmet (worn)
 J - a +0 pair of gloves (worn)
 L - the +3 leather armour "Ziegurat" (worn) {Int+2 Dex+5}
   (You found it on level 1 of the Lair of Beasts)

   Int:       It affects your intelligence (+2).
   Dex:       It affects your dexterity (+5).
 Q - a +2 buckler
Jewellery
 f - a ring of see invisible
 n - a +6 ring of intelligence (left hand)
 s - a ring of ice
 u - a +6 ring of strength
 A - a +6 ring of dexterity
 B - the ring of Lust (right hand) {+Blink rF+ rN+ rCorr Int+6}
   (You acquired it on level 3 of the Dungeon)

   [ring of intelligence]

   Int:       It affects your intelligence (+6).
   rF:        It protects you from fire.
   rN:        It protects you from negative energy.
   +Blink:    It lets you blink.
   rCorr:     It protects you from acid and corrosion.
 D - an amulet of reflection (around neck)
 E - a ring of willpower
 K - a +6 ring of intelligence
 M - a +6 ring of intelligence
 N - an amulet of the acrobat
 O - an amulet of regeneration
Wands
 g - a wand of mindburst (17)
 l - a wand of charming (6)
 t - a wand of flame (10)
 w - a wand of polymorph (6)
 y - a wand of quicksilver (7)
 H - a wand of digging (17)
Scrolls
 c - 2 scrolls of enchant armour
 d - 7 scrolls of fear
 j - 5 scrolls of enchant weapon
 k - 5 scrolls of immolation
 o - 2 scrolls of butterflies
 p - 4 scrolls of teleportation
 r - 5 scrolls of vulnerability
 v - 3 scrolls of poison
 z - a scroll of silence
 F - 3 scrolls of amnesia


   Skills:
 + Level 6.6 Fighting
 + Level 3.0 Armour
 + Level 6.5 Dodging
 - Level 1.5 Stealth
 + Level 20.0 Spellcasting
 + Level 17.0 Necromancy


You had 12 spell levels left.
You knew the following spells:

 Your Spells              Type           Power      Damage    Failure   Level
a - Anguish               Hex/Necr       60%        N/A       1%          4
c - Simulacrum            Ice/Necr       60%        N/A       4%          6
d - Haunt                 Necr/Summ      60%        N/A       26%         7
q - Vampiric Draining     Necr           100%       2d13      0%          3
s - Borgnjor's Vile Clut  Necr/Erth      60%        N/A       1%          5
w - Dispel Undead         Necr           100%       3d31      0%          4
x - Infestation           Necr           75%        N/A       6%          8
z - Animate Dead          Necr           100%       N/A       0%          4

Your spell library contained the following spells:

 Spells                   Type           Power      Damage    Failure   Level
 Necrotise                Necr           100%       1d9       0%          1
 Apportation              Tloc           72%        N/A       1%          1
 Freeze                   Ice            100%       1d10      1%          1
 Kiss of Death            Conj/Necr      100%       2d13      1%          1
 Magic Dart               Conj           100%       1d8       1%          1
 Slow                     Hex            100%       N/A       1%          1
 Summon Small Mammal      Summ           100%       N/A       1%          1
 Cigotuvi's Dreadful Rot  Necr/Pois/Air  100%       N/A       1%          2
 Searing Ray              Conj           72%        2d7       1%          2
 Static Discharge         Conj/Air       72%        2-5/arc   1%          2
 Agony                    Necr           100%       N/A       1%          5
 Call Canine Familiar     Summ           36%        N/A       3%          3
 Confusing Touch          Hex            36%        N/A       3%          3
 Frozen Ramparts          Ice            72%        1d11      3%          3
 Gell's Gravitas          Tloc           36%        N/A       3%          3
 Hailstorm                Conj/Ice       36%        3d9       3%          3
 Summon Guardian Golem    Hex/Summ       36%        N/A       3%          3
 Teleport Other           Tloc           36%        N/A       3%          3
 Vhi's Electric Charge    Tloc/Air       72%        N/A       3%          3
 Fulminant Prism          Conj/Hex       18%        3d11      11%         4
 Alistair's Intoxication  Tmut/Pois      24%        N/A       28%         5
 Arcjolt                  Conj/Air       18%        1d28      28%         5
 Lightning Bolt           Conj/Air       18%        1d32      28%         5
 Dispersal                Tloc           18%        N/A       85%         6


Dungeon Overview and Level Annotations

Branches:
Dungeon (14/15)            Temple (1/1) D:4            Lair (5/5) D:8
 Shoals (0/4) Lair:2        Snake (0/4) Lair:2        Slime (0/5) Lair:4
    Orc (0/2) D:10         Vaults (0/5) D:13        Ossuary (visited)

Altars:
Dithmenos
Fedhas
Gozag
Kikubaaqudgha
Makhleb
Nemelex Xobeh
Okawaru
Sif Muna
Uskayaw
Vehumet
Wu Jian
Xom

Shops:
D:1 [((

Annotations:
D:8 2 runed translucent doors


Innate Abilities, Weirdness & Mutations

You are immune to poison.
Your flesh is cold resistant. (rC+)
You are immune to negative energy. (rN+++)
You are immune to unholy pain and torment.
You are vulnerable to heat. (rF-)
You are strongly in touch with the powers of death.
You do not drink.
You have a special connection with the divine. (Faith)


Message History

* * * LOW HITPOINT WARNING * * *
The boulder beetle is wracked by anguish!
The boulder beetle dies!
Kikubaaqudgha accepts your kill.
The dead are walking!
Your Armour skill increases to level 3!
Your Necromancy skill increases to level 17!
The skeletal warrior hits you with a +0 hand axe!
* * * LOW HITPOINT WARNING * * *
The basilisk bites you but does no damage.
The deep elf pyromancer casts a spell.
The skeletal warrior hits your boulder beetle zombie but does no damage.
The skeletal warrior hits you with a +0 hand axe!
* * * LOW HITPOINT WARNING * * *
Your wraith disappears in a puff of smoke!
The basilisk bites you but does no damage.
The skeletal warrior hits your boulder beetle zombie with a +1 vorpal dire flail.
The skeletal warrior is wracked by anguish.
The skeletal warrior hits your boulder beetle zombie with a +0 hand axe.
The skeletal warrior hits you with a +0 hand axe!
* * * LOW HITPOINT WARNING * * *
Your boulder beetle zombie bites the skeletal warrior but does no damage.
You turn to flesh and can move again.
Unknown command.
Unknown command.
Unknown command.
Unknown command.
Unknown command.
Unknown command.
As you read the scroll of teleportation, it crumbles to dust.
You feel strangely unstable.
The fire elemental hits your stone giant zombie.
The fire elemental burns your stone giant zombie!
The basilisk closely misses you.
The deep elf pyromancer points at you and mumbles some strange words.
The sticky flame hits your gnoll bouda zombie.
Your gnoll bouda zombie is covered in liquid flames!
The skeletal warrior hits you with a +0 hand axe!
You die...
Kikubaaqudgha rasps: "You have failed me!
Welcome... oblivion!"

#################
#....°☼E..z.....#
#......e.ZzZ....#
#...○EZZ§zl@....#
######.......######..#
........○....#....#..#
Zz.§.........#....#Z.#
WZ.....z.....#....#..#
.............#....#..#
..######+##..#....#..#
.. #..+....'..# ##
#..######..#


You could see 3 skeletal warriors, a deep elf pyromancer (ally target), a
basilisk, 2 fire elementals, a friendly manticore zombie, a friendly boulder
beetle zombie, a friendly gnoll bouda zombie (burning) and a friendly stone
giant zombie.

Vanquished Creatures
  A stone giant (D:14)
  2 hydras
  A vault guard (D:13)
  A centaur warrior (D:13)
  3 two-headed ogres
  A boulder beetle (D:8)
  Urug (D:11)
  7 cyclopes
  2 ugly things
  2 elephants (Lair:3)
  A gargoyle (D:13)
  5 cane toads
  2 black mambas (Lair:4)
  Psyche (D:8)
  A rime drake (Lair:1)
  4 kobold demonologists
  4 unseen horrors
  4 komodo dragons
  2 trolls (D:12)
  2 hornets (Lair:5)
  A troll (shapeshifter) (D:13)
  2 polar bears (Lair:5)
  4 slime creatures (D:12)
  10 blink frogs
  A dream sheep (Lair:5)
  10 spriggans (Lair:5)
  A wraith (D:11)
  3 wyverns
  A steam dragon (D:7)
  26 yaks
  Grum (D:10)
  Menkaure (D:6)
  3 nagas (Lair:2)
  2 wargs (D:12)
  Duvessa (D:7)
  An acid dragon (D:11)
  8 water moccasins
  5 black bears
  2 orc warriors
  An ice beast (shapeshifter) (D:8)
  2 ice beasts
  2 sky beasts
  4 centaurs
  23 wolves
  3 ogres
  5 boggarts (Lair:5)
  A phantom (D:4)
  7 kobold brigands
  3 gnoll sergeants
  4 bullfrogs
  3 necrophages
  13 scorpions
  6 wights
  5 killer bees (D:10)
  An electric eel (D:12)
  7 howler monkeys
  A lava snake (Lair:4)
  A centaur zombie (Ossuary)
  2 jellies
  4 hounds
  3 human zombies (Ossuary)
  6 orc priests
  A gnoll bouda (D:7)
  2 iguanas
  2 hell rats (Lair:5)
  9 orc wizards
  4 scorpion zombies (Ossuary)
  3 mummies (Ossuary)
  21 gnolls
  2 river rats (Lair:5)
  6 adders
  A shadow imp (D:7)
  2 white imps
  2 ufetubi (D:6)
  A worm (D:3)
  4 dart slugs
  34 orcs
  5 ball pythons
  An endoplasm (D:1)
  2 giant cockroaches
  3 gnoll zombies (Ossuary)
  6 goblins
  8 hobgoblins
  12 jackals
  17 kobolds
  6 quokkas
  4 bats
  3 frilled lizards
  A goblin zombie (Ossuary)
  A kobold zombie (Ossuary)
  An orc zombie (Ossuary)
  6 rats
407 creatures vanquished.

Vanquished Creatures (collateral kills)
  A hydra (Lair:4)
  A vault guard (D:13)
  3 death yaks (Lair:5)
  3 slime creatures (D:12)
  A black mamba (Lair:2)
  An elephant (Lair:3)
  3 cane toads
  3 komodo dragons
  2 hornets
  5 blink frogs
  4 dream sheep (Lair:5)
  2 wyverns (Lair:1)
  5 yaks (Lair:3)
  A warg (D:12)
  An acid dragon (D:13)
  A water moccasin (Lair:5)
  6 wolves
  4 bullfrogs
  Dowan (D:7)
  2 electric eels (Lair:4)
  An orc priest (D:7)
  A scorpion zombie (Ossuary)
  An iguana (D:5)
  2 orc wizards
  A gnoll (D:11)
  An adder (D:5)
  A river rat (Lair:5)
  A white imp (D:6)
  4 orcs
  An endoplasm (D:1)
  A gnoll zombie (Ossuary)
  A goblin (D:2)
  3 frilled lizards
  2 goblin zombies (Ossuary)
  7 kobolds
  A rat (Lair:5)
79 creatures vanquished.

Vanquished Creatures (others)
  Rupert (Lair:5)
  2 vault guards (D:13)
  A hydra (Lair:5)
  A catoblepas (D:14)
  A two-headed ogre (D:10)
  4 centaur warriors
  Erica (D:9)
  3 boulder beetles
  3 death yaks (Lair:5)
  A tengu warrior (D:10)
  A necromancer (D:12)
  A lindwurm (Lair:3)
  4 orc knights
  An ugly thing (D:11)
  2 cyclopes (D:12)
  2 manticores
  A black mamba (Lair:3)
  2 centaur zombies (D:12)
  A gargoyle (D:12)
  A cane toad (Lair:4)
  2 komodo dragons
  A kobold demonologist (D:10)
  A hydra zombie (Lair:5)
  A troll (D:12)
  3 polar bears
  A hornet (Lair:5)
  3 dream sheep (Lair:5)
  5 blink frogs
  A black mamba zombie (Lair:4)
  A shadow (D:13)
  3 spriggans (Lair:5)
  4 yaks
  A slime creature zombie (D:12)
  4 wyverns
  A warg (D:12)
  A human zombie (D:12)
  A water moccasin (Lair:5)
  An orc warrior (D:12)
  A hornet zombie (D:8)
  A sky beast (D:8)
  3 dream sheep zombies (Lair:5)
  2 blink frog zombies (Lair:2)
  3 wolves
  5 centaurs
  A bullfrog (Lair:5)
  A scorpion (D:7)
  A gnoll sergeant (D:11)
  2 water moccasin zombies
  2 cyclops zombies (D:12)
  A killer bee (D:10)
  A troll zombie (D:12)
  A polar bear zombie (Lair:5)
  2 wolf zombies (Lair:1)
  2 lava snakes (Lair:4)
  A bullfrog zombie (Lair:5)
  A gnoll bouda (D:14)
  2 orc priests
  10 orc wizards
  A hell rat (Lair:5)
  2 scorpion zombies (Ossuary)
  2 ogre zombies (D:5)
  A hound zombie (D:5)
  3 howler monkey zombies (D:11)
  A gnoll (D:11)
  A river rat (Lair:5)
  An adder zombie (D:5)
  2 orcs
  A ball python (D:10)
  2 gnoll zombies (D:13)
  A jackal (D:12)
  6 kobolds
  A ball python zombie (D:10)
  A frilled lizard (D:12)
  A jackal zombie (D:12)
  5 kobold zombies
  17 orc zombies
  A rat (Lair:5)
  32 fungi
  69 plants
263 creatures vanquished.

Grand Total: 749 creatures vanquished

Notes
Turn   | Place    | Note
-------+----------+-------------------------------------------
     0 | D:1      | BlueGoblin the Mummy Necromancer began the quest for the
                  | Orb.
     0 | D:1      | Reached XP level 1. HP: 13/13 MP: 4/4
   170 | D:1      | Reached XP level 2. HP: 19/19 MP: 2/5
   264 | D:1      | Reached skill level 3 in Spellcasting
   376 | D:1      | Found Ymelodeg's Antique Weapon Emporium.
   441 | D:1      | Found Duacyad's Antique Armour Shoppe.
   780 | D:1      | Found Sonef's Weapon Boutique.
  1131 | D:2      | Found an iron altar of Okawaru.
  1194 | D:2      | Gained mutation: You are in touch with the powers of death.
                  | [Mummy growth]
  1194 | D:2      | Reached XP level 3. HP: 24/24 MP: 5/7
  1267 | D:2      | Found a faded altar of an unknown god.
  1624 | D:2      | Reached skill level 4 in Spellcasting
  2088 | D:3      | Learned a level 3 spell: Vampiric Draining
  2195 | D:3      | Reached XP level 4. HP: 25/30 MP: 3/10
  2390 | D:3      | Reached skill level 5 in Necromancy
  3138 | D:3      | Identified a scroll of acquirement
  3138 | D:3      | Acquired the ring of Lust {+Blink rF+ rN+ rCorr Int+6}
  3146 | D:3      | Learned a level 4 spell: Dispel Undead
  3151 | D:3      | Learned a level 4 spell: Animate Dead
  3317 | D:4      | Noticed a phantom
  3322 | D:4      | Killed a phantom
  3323 | D:4      | Reached skill level 5 in Spellcasting
  3323 | D:4      | Reached XP level 5. HP: 33/35 MP: 6/12
  3527 | D:4      | Reached XP level 6. HP: 41/41 MP: 12/14
  3631 | D:4      | Reached skill level 6 in Spellcasting
  3705 | D:4      | Found a staircase to the Ecumenical Temple.
  3900 | Temple   | Entered the Ecumenical Temple
  3904 | Temple   | Became a worshipper of Kikubaaqudgha
  3939 | D:5      | Entered Level 5 of the Dungeon
  4342 | D:5      | Reached XP level 7. HP: 47/47 MP: 13/17
  4365 | D:5      | Reached skill level 7 in Spellcasting
  4764 | D:4      | Reached skill level 1 in Fighting
  5159 | D:5      | Reached * piety under Kikubaaqudgha
  5159 | D:5      | Received a gift from Kikubaaqudgha
  5160 | D:5      | Reached skill level 8 in Spellcasting
  5308 | D:5      | Found a radiant altar of Vehumet.
  5308 | D:5      | Found a hide-covered altar of Uskayaw.
  5362 | D:5      | Reached XP level 8. HP: 44/54 MP: 17/20
  5414 | D:6      | Found a sand-covered staircase.
  5420 | Ossuary  | Entered an ossuary
  5741 | Ossuary  | Reached skill level 9 in Spellcasting
  5886 | Ossuary  | Reached ** piety under Kikubaaqudgha
  6459 | D:6      | Reached XP level 9. HP: 55/62 MP: 8/22
  6616 | D:6      | Reached skill level 10 in Spellcasting
  6718 | D:6      | Noticed Menkaure
  6723 | D:6      | Killed Menkaure
  7786 | D:6      | Reached *** piety under Kikubaaqudgha
  7786 | D:6      | Received a gift from Kikubaaqudgha
  8149 | D:6      | Learned a level 4 spell: Anguish
  8155 | D:6      | Learned a level 5 spell: Borgnjor's Vile Clutch
  8297 | D:7      | Reached skill level 11 in Spellcasting
  8692 | D:7      | Found an ornate altar of the Wu Jian Council.
  8946 | D:7      | Noticed Dowan
  8950 | D:7      | Noticed Duvessa
  8957 | D:7      | Killed Duvessa
  8963 | D:7      | Killed Dowan
  9252 | D:7      | Found a shimmering blue altar of Sif Muna.
 10025 | D:8      | Reached XP level 10. HP: 65/71 MP: 12/25
 10165 | D:8      | Reached skill level 10 in Necromancy
 10207 | D:8      | Found a staircase to the Lair.
 10272 | D:8      | Found an opulent altar of Gozag.
 10405 | D:8      | Found a shimmering altar of Xom.
 10412 | D:8      | Reached skill level 12 in Spellcasting
 10522 | D:8      | Found a large runed translucent door.
 10522 | D:8      | Found a large runed translucent door.
 10525 | D:8      | Noticed a boulder beetle
 10525 | D:8      | Noticed a manticore
 10758 | D:8      | Found a large runed translucent door.
 10758 | D:8      | Found a large runed translucent door.
 10788 | D:8      | Noticed a centaur warrior
 10792 | D:8      | Killed a centaur warrior
 11132 | D:8      | Noticed Psyche
 11136 | D:8      | Killed Psyche
 11690 | D:8      | Killed a manticore
 11691 | D:8      | Reached skill level 13 in Spellcasting
 11753 | D:8      | Killed a boulder beetle
 12108 | D:9      | Reached **** piety under Kikubaaqudgha
 12110 | D:9      | Reached XP level 11. HP: 54/78 MP: 9/28
 12773 | D:9      | Noticed a two-headed ogre
 12781 | D:9      | Killed a two-headed ogre
 12782 | D:9      | Reached skill level 14 in Spellcasting
 13125 | D:9      | Noticed Erica
 13132 | D:9      | Killed Erica
 13372 | D:10     | Entered Level 10 of the Dungeon
 13717 | D:10     | Noticed a two-headed ogre
 13723 | D:10     | Reached skill level 5 in Fighting
 13733 | D:10     | Killed a two-headed ogre
 13734 | D:10     | Reached skill level 5 in Dodging
 13734 | D:10     | Reached skill level 15 in Spellcasting
 14176 | D:10     | Found a staircase to the Orcish Mines.
 14816 | D:10     | Noticed Grum
 14828 | D:10     | Killed Grum
 14833 | D:10     | Reached ***** piety under Kikubaaqudgha
 15166 | D:11     | Noticed Urug
 15173 | D:11     | Killed Urug
 15174 | D:11     | Reached XP level 12. HP: 86/86 MP: 22/31
 15603 | D:11     | Noticed a two-headed ogre
 15612 | D:11     | Killed a two-headed ogre
 16779 | D:12     | Reached skill level 16 in Spellcasting
 18391 | D:12     | Noticed a centaur warrior
 18583 | D:13     | Noticed a centaur warrior
 18587 | D:13     | Killed a centaur warrior
 18684 | D:13     | Found a blossoming altar of Fedhas.
 18814 | D:13     | Reached skill level 17 in Spellcasting
 18949 | D:13     | Found a gate to the Vaults.
 18949 | D:13     | Noticed a vault guard
 18949 | D:13     | Noticed a centaur warrior
 18949 | D:13     | Noticed a vault guard
 18949 | D:13     | Noticed a vault guard
 18949 | D:13     | Noticed a vault guard
 19048 | D:13     | Killed a vault guard
 19162 | D:13     | Noticed a boulder beetle
 19184 | D:13     | Killed a boulder beetle
 19185 | D:13     | Killed a vault guard
 19472 | D:13     | Gained mutation: You are strongly in touch with the powers
                  | of death. [Mummy growth]
 19472 | D:13     | Reached XP level 13. HP: 78/93 MP: 25/34
 19717 | Lair:1   | Entered Level 1 of the Lair of Beasts
 20142 | Lair:1   | Identified the +3 leather armour "Ziegurat" {Int+2 Dex+5}
 21356 | Lair:2   | Reached skill level 15 in Necromancy
 21411 | Lair:2   | Found a staircase to the Shoals.
 21542 | Lair:2   | Found a frozen archway.
 21620 | Lair:2   | Found a staircase to the Snake Pit.
 22385 | Lair:3   | Found a shimmering blue altar of Sif Muna.
 22410 | Lair:3   | Reached skill level 18 in Spellcasting
 22481 | Lair:3   | Reached skill level 1 in Armour
 23103 | Lair:3   | Identified the +8 short sword "Biobli" {venom, rF+ Int+4
                  | Dex-2 SInv}
 23141 | Lair:3   | Identified the ring of Adupsong {*Corrode rF+ rN+ Str+6
                  | Dex+3}
 24080 | Lair:4   | Found a staircase to the Slime Pits.
 24836 | Lair:5   | Entered Level 5 of the Lair of Beasts
 25087 | Lair:5   | Noticed Rupert
 25101 | Lair:5   | Killed Rupert
 25102 | Lair:5   | Reached XP level 14. HP: 101/101 MP: 4/36
 25305 | Lair:5   | Reached skill level 19 in Spellcasting
 26577 | Lair:5   | Reached ****** piety under Kikubaaqudgha
 28421 | D:11     | Received a gift from Kikubaaqudgha
 28431 | D:11     | Learned a level 8 spell: Infestation
 28438 | D:11     | Learned a level 6 spell: Simulacrum
 28446 | D:11     | Learned a level 7 spell: Haunt
 29635 | D:14     | Reached skill level 20 in Spellcasting
 29644 | D:14     | Noticed a stone giant
 29667 | D:14     | Slain by a skeletal warrior

Illustrated notes

Levels and vault maps discovered:
D:1:      enne_arrival_octagon_isle, layout_basic, serial_shops, shop,
          nicolae_diamond_shop, nicolae_shop_overgrown_old_shop
D:2:      layout_loops_ring, basic_altar, chequers_ecumenical_altar_island
D:3:      cheibrodos_helix_gallery, layout_loops_corners
D:4:      layout_rooms, marbit_many_paths, temple_statues
D:5:      layout_basic, gammafunk_temple_overflow_elements
D:6:      layout_layer_cave, enter_ossuary_1, uniq_menkaure
D:7:      layout_basic, pdpol_wu_jian_five_deadly_venoms,
          general_overflow_altar, uniq_duvessa
D:8:      layout_rooms, mainiacjoe_overflow_alcove_1, pf_just_have_faith,
          lair_entry_dummy, minmay_hollow_rounded_squares, uniq_psyche
D:9:      layout_basic, uniq_erica
D:10:     layout_basic, minmay_orc_entry_temple_small,
          minmay_fractal_squares_diagonal_5, uniq_grum
D:11:     layout_basic, serial_curves, eino_curves_01, eino_curves_02,
          eino_curves_03, eino_curves_01, uniq_urug
D:12:     layout_basic, nooodl_orcs_dogs
D:13:     layout_roguey, lightli_vaults_fourway_checkpoint, fedhas_altar_2
D:14:     layout_irregular_city, hangedman_abyss_or_decor_clamps
Temple:   nicolae_temple_bog_church
Lair:1:   layout_regular_city, infiniplex_staircase_pool_2, grunt_megastairs_4
Lair:2:   layout_cellular_growth, minmay_shoals_entry_centaurs,
          guppyfry_snake_entry_island, portal_ice_cave_entry_pillars_2
Lair:3:   layout_small_grid, basic_altar, lemuel_fruit_tree
Lair:4:   layout_big_grid, slime_entry_1, nicolae_lair_liquid_snakes
Lair:5:   minmay_lair_end_enchanted_forest, layout_concentric_octagons,
          nicolae_volcano_entry_two_sided, kennysheep_abandoned_house,
          uniq_rupert

Skill      XL: |  1  2  3  4  5  6  7  8  9 10 11 12 13 14 |
---------------+-------------------------------------------+-----
Spellcasting   | 3 4 5 6 8 9 11 13 15 17 18 20 | 20.0
Necromancy     | 5 6 7 8 9 11 12 14 16 17 | 17.0
Dodging        | 2 3 4 5 6 |  6.5
Fighting       | 1 2 3 4 5 6 |  6.6
Armour         | 2 3 |  3.0
Stealth        | |  1.5

Action                   |  1- 3 |  4- 6 |  7- 9 | 10-12 | 13-15 || total
-------------------------+-------+-------+-------+-------+-------++-------
Melee: Hand axe          |    12 |    32 |   154 |       |       ||   198
       Unarmed           |     3 |       |       |       |       ||     3
       Punch             |       |     1 |     1 |     2 |     4 ||     8
       Dagger            |       |       |     5 |       |       ||     5
       Scimitar          |       |       |    57 |    25 |       ||    82
       Quarterstaff      |       |       |       |    70 |       ||    70
       Rapier            |       |       |       |    99 |    89 ||   188
       Short sword       |       |       |       |       |   120 ||   120
 Cast: Necrotise         |    71 |    66 |    69 |       |       ||   206
       Dispel Undead     |       |     1 |     5 |     5 |       ||    11
       Vampiric Draining |       |     1 |    50 |    40 |   118 ||   209
       Animate Dead      |       |     1 |     8 |    10 |    11 ||    30
       Anguish           |       |       |    12 |    70 |    89 ||   171
       Borgnjor's Vile C |       |       |     8 |    66 |    48 ||   122
       Haunt             |       |       |       |       |     2 ||     2
       Simulacrum        |       |       |       |       |     2 ||     2
       Infestation       |       |       |       |       |     1 ||     1
Invok: Unearth Wretches  |       |       |       |     9 |     2 ||    11
       Receive Forbidden |       |       |       |       |     1 ||     1
 Abil: Evoke Blink       |       |       |       |       |     2 ||     2
  Use: Scroll            |     3 |     4 |     6 |     6 |     3 ||    22
 Stab: Distracted        |       |       |     2 |     1 |     1 ||     4
       Sleeping          |       |       |     1 |     1 |     2 ||     4
       Paralysed         |       |       |       |     1 |     1 ||     2
Armor: Robe              |    13 |    15 |   120 |    91 |    11 ||   250
       Leather armour    |       |       |       |       |    73 ||    73
Dodge: Dodged            |    28 |    41 |   236 |   215 |   258 ||   778
Block: Other             |       |       |       |    70 |    99 ||   169
       Reflection        |       |       |       |     7 |     3 ||    10

Table legend: (Time is in decaauts)
 A = Elapsed time spent in this place.
 B = Non-inter-level travel time spent in this place.
 C = Inter-level travel time spent in this place.
 D = Time resting spent in this place.
 E = Time spent auto-exploring this place.
 F = Levels seen in this place.
 G = Mean time per level.
                   A        B        C        D        E       F      G
               +--------+--------+--------+--------+--------+-----+--------+
         Total |  29840 |  27407 |   2433 |   4002 |  19306 |  21 | 1421.0 |
       Dungeon |  20266 |  18478 |   1788 |   2645 |  13082 |  14 | 1447.6 |
        Temple |      8 |      5 |      3 |      0 |      0 |   1 |    8.0 |
          Lair |   8641 |   7999 |    642 |   1040 |   5893 |   5 | 1728.2 |
       Ossuary |    923 |    923 |      0 |    317 |    331 |   1 |  923.0 |
               +--------+--------+--------+--------+--------+-----+--------+

Top non-repeatable levels by time:
  Lair:5: 3333 daAuts
     D:8: 2217 daAuts
    D:12: 2030 daAuts
     D:6: 1863 daAuts
    D:10: 1821 daAuts
     D:7: 1679 daAuts
    D:13: 1660 daAuts
    D:11: 1553 daAuts
     D:9: 1488 daAuts
  Lair:2: 1384 daAuts
  Lair:1: 1359 daAuts
  Lair:4: 1331 daAuts
     D:5: 1304 daAuts
     D:3: 1298 daAuts
  Lair:3: 1232 daAuts
